Map: Backwater LE

Players

Revenger - Winner!

  • Race: Terran Terran
  • League: Master
  • Spawn Location: 11:00

Razhalgul

  • Race: Zerg Zerg
  • League: Diamond
  • Spawn Location: 5:00

VOD

Have the link to the VOD?

Description

Time

  • Played on: Feb. 26, 2018, 4:18 p.m.
  • Length: 7:55
Show
View Real Time Build Order
Export as new Build Order

Revenger Terran - Winner!

Build Orders: Banshee Rush 

Get SALT Encoding   

  12  0:01  SCV  
  13  0:13  SCV  
  14  0:18  Supply Depot  
  14  0:25  SCV  
  15  0:36  Refinery  
  15  0:40  SCV  
  16  0:47  Barracks  
  16  0:52  SCV  
  17  0:57  Refinery  
  18  1:04  SCV  
  18  1:16  SCV  
  19  1:28  SCV  
  20  1:35  Marine  
  20  1:38  Factory  
  21  1:40  Orbital Command  
  21  1:50  Supply Depot  
  21  1:54  Barracks Reactor  
  21  2:06  SCV  
  22  2:23  Supply Depot  
  22  2:35  SCV  
  22  2:41  Starport  
  22  2:42  Starport  
  22  2:46  Hellion x2  
  26  2:52  Marine  
  27  3:03  SCV  
  28  3:10  Hellion x2  
  28  3:11  Supply Depot  
  32  3:17  SCV  
  33  3:24  Starport Tech Lab  
  33  3:25  Starport Tech Lab  
  33  3:29  SCV  
  33  3:31  Supply Depot  
  34  3:41  SCV  
  35  3:43  Banshee x2  
  35  3:48  Cloaking Field  
  41  3:54  Supply Depot  
  33  4:20  Widow Mine  
  33  4:21  Widow Mine  
  37  4:26  Bunker  
  37  4:27  Banshee  
  40  4:33  Banshee  
  40  4:35  SCV  
  44  4:39  Supply Depot  
  44  5:01  SCV  
  45  5:08  Command Center  
  45  5:11  Factory Tech Lab  
  45  5:12  Supply Depot  
  45  5:23  Banshee x2  
  49  5:33  Marine x2  
  49  5:34  SCV  
  52  5:41  Refinery  
  52  5:46  SCV  
  53  5:54  Supply Depot  
  53  5:55  Supply Depot  
  53  5:58  SCV  
  53  6:01  Siege Tank  
  59  6:11  SCV  
  60  6:12  Banshee  
  60  6:15  Banshee  
  64  6:23  SCV  
  65  6:36  Marine x2  
  65  6:37  SCV  
  65  6:38  Orbital Command  
  68  6:42  Siege Tank  
  71  6:49  SCV  
  72  7:01  SCV  
  72  7:07  Banshee  
  76  7:12  SCV  
  76  7:13  SCV  
  78  7:24  SCV  
  78  7:25  SCV  
  78  7:30  Supply Depot  
  78  7:31  Supply Depot  
  78  7:33  Refinery  
  78  7:35  Marine x2  
  78  7:36  SCV  
  78  7:37  SCV  
  78  7:39  Barracks  
  78  7:41  Barracks  
  78  7:42  Barracks  
  78  7:43  Engineering Bay  
Show
View Real Time Build Order
Export as new Build Order

Razhalgul Zerg 

Build Orders: Hatch First 

Get SALT Encoding   

  12  0:01  Drone  
  13  0:08  Drone  
  14  0:16  Overlord  
  14  0:35  Drone x3  
  17  0:46  Drone  
  18  0:59  Hatchery  
  18  1:00  Drone  
  18  1:01  Extractor  
  17  1:10  Drone  
  18  1:16  Spawning Pool  
  17  1:21  Drone  
  18  1:30  Drone  
  19  1:39  Overlord  
  19  2:02  Metabolic Boost  
  19  2:03  Queen  
  19  2:05  Zergling x4  
  23  2:14  Queen  
  25  2:33  Drone x4  
  29  2:37  Drone x2  
  31  2:44  Drone x2  
  31  2:45  Queen  
  35  2:59  Overlord  
  35  3:02  Overlord  
  35  3:11  Hatchery  
  34  3:13  Queen  
  36  3:24  Queen  
  37  3:32  Baneling Nest  
  36  3:37  Overlord  
  36  3:38  Overlord  
  36  3:43  Evolution Chamber  
  36  3:47  Evolution Chamber  
  34  4:00  Zergling x8  
  32  4:20  Drone x3  
  35  4:32  Drone x2  
  35  4:33  Drone x6  
  43  4:43  Queen  
  45  4:56  Baneling x4  
  45  5:15  Zergling x2  
  45  5:16  Zergling x6  
  44  5:29  Zergling x12  
  44  5:30  Zergling x16  
  58  5:39  Lair  
  58  5:48  Spore Crawler  
  55  5:51  Spore Crawler  
  55  5:54  Spore Crawler  
  53  5:59  Queen  
  53  6:01  Spore Crawler  
  54  6:12  Spawning Pool  
  49  6:40  Overseer x2  
Tags
 
Add a new tag
Caveats
  • Supply blocks, unpowered buildings, or Contaminate may cause inaccurate times.
  • Supply counts are checked every 10 seconds.